Map: Odyssey LE

Players

Winthrowe

  • Race: Terran Terran
  • League: Silver
  • Spawn Location: 11:00

A.I. 1 (Harder) - Winner!

  • Race: Zerg Zerg
  • Spawn Location: 5:00

VOD

Have the link to the VOD?

Description

Time

  • Played on: Aug. 24, 2017, 9:32 p.m.
  • Length: 8:06
Show
View Real Time Build Order
Export as new Build Order

Winthrowe Terran 

Build Orders:  

Get SALT Encoding   

  12  0:01  SCV  
  13  0:13  SCV  
  14  0:19  Supply Depot  
  14  0:26  SCV  
  15  0:41  Refinery  
  15  0:42  Refinery  
  15  0:48  Barracks  
  15  0:54  SCV  
  16  1:06  SCV  
  17  1:18  SCV  
  18  1:30  SCV  
  19  1:41  Supply Depot  
  19  1:42  SCV  
  20  1:47  Marine  
  21  1:55  SCV  
  22  2:06  Barracks Reactor  
  22  2:07  SCV  
  23  2:19  SCV  
  24  2:30  Command Center  
  24  2:34  Orbital Command  
  24  2:45  Marine x2  
  26  3:00  Supply Depot  
  26  3:01  Supply Depot  
  26  3:04  Supply Depot  
  26  3:10  SCV  
  27  3:19  Marine x2  
  29  3:22  SCV  
  30  3:36  Engineering Bay  
  30  3:41  SCV  
  31  3:53  SCV  
  32  3:58  Orbital Command  
  32  4:05  SCV, Factory  
  32  4:08  Marine x2  
  35  4:18  SCV  
  36  4:25  Barracks  
  36  4:26  Marine x2  
  38  4:33  Engineering Bay  
  38  4:34  SCV x2  
  40  4:44  Marine x2  
  42  4:46  SCV x2  
  44  5:01  Marine  
  44  5:02  Marine  
  44  5:03  SCV x2  
  48  5:15  SCV x2  
  50  5:27  Command Center  
  50  5:29  SCV x2  
  50  5:31  Command Center  
  50  5:32  Marine x2  
  54  5:37  Barracks Tech Lab  
  54  5:41  SCV  
  54  5:42  SCV, Factory Tech Lab  
  56  5:47  Terran Infantry Weapons Level 1, Terran Infantry Armor Level 1  
  56  5:55  Barracks  
  56  6:00  Starport  
  56  6:04  Armory  
  56  6:07  SCV  
  57  6:16  Marine  
  57  6:17  Marine x2  
  60  6:40  Planetary Fortress  
  60  6:44  Planetary Fortress  
  60  6:47  SCV  
  60  6:48  SCV  
  62  6:54  Supply Depot  
  62  6:59  SCV  
  62  7:00  SCV  
  64  7:08  Marine x2  
  64  7:09  Marine  
  64  7:12  Siege Tank, SCV x2  
  64  7:15  Medivac  
  71  7:16  Supply Depot  
  61  7:26  Marine x2  
  55  7:38  Supply Depot  
  51  8:01  Supply Depot  
Show
View Real Time Build Order
Export as new Build Order

A.I. 1 (Harder) Zerg - Winner!

Build Orders: Pool First 

Get SALT Encoding   

  12  0:00  Drone  
  13  0:12  Overlord  
  13  0:17  Drone  
  14  0:30  Drone x2  
  16  0:42  Spawning Pool  
  15  0:45  Drone  
  15  0:48  Drone  
  17  0:52  Extractor  
  17  0:55  Drone  
  17  1:05  Overlord  
  17  1:29  Queen  
  17  1:31  Zergling x2  
  20  1:36  Roach Warren  
  20  1:38  Drone  
  20  1:41  Zergling x2  
  20  1:42  Extractor  
  20  1:49  Drone  
  21  1:59  Drone  
  22  2:10  Overlord  
  22  2:21  Drone  
  23  2:32  Roach  
  23  2:36  Overlord, Drone  
  26  2:42  Roach  
  28  2:52  Roach  
  30  3:02  Roach  
  32  3:06  Overlord  
  32  3:12  Roach  
  34  3:22  Roach  
  36  3:32  Roach  
  38  3:42  Overlord, Roach  
  40  3:52  Roach, Drone  
  43  3:56  Drone  
  43  4:00  Drone  
  45  4:06  Drone  
  46  4:11  Overlord  
  46  4:12  Roach  
  46  4:14  Drone  
  49  4:18  Drone  
  50  4:26  Baneling Nest  
  50  4:29  Drone  
  50  4:34  Evolution Chamber  
  49  4:39  Drone  
  49  4:43  Roach  
  52  4:53  Roach  
  54  5:03  Roach  
  56  5:13  Roach  
  58  6:26  Overlord, Lair  
  58  6:30  Spore Crawler  
  58  6:31  Spore Crawler  
  56  6:35  Hatchery  
  55  6:44  Drone  
  56  6:50  Overlord  
  56  6:54  Drone  
  57  7:02  Spine Crawler  
  56  7:08  Spine Crawler  
  56  7:13  Zergling x2  
  48  7:23  Queen  
  48  7:28  Hydralisk Den  
  49  7:32  Spire, Overseer  
  49  7:33  Infestation Pit  
  47  7:48  Drone  
  47  7:50  Drone  
  49  7:52  Drone x2  
  49  7:53  Drone x6  
  49  7:56  Extractor  
  49  7:57  Spore Crawler  
  49  7:58  Spore Crawler  
  54  8:00  Evolution Chamber  
Tags
 
League
Silver
Matchup
TvZ
Opening
Pool First
Spawn Locations
Cross Positions
Add a new tag
Caveats
  • Supply blocks, unpowered buildings, or Contaminate may cause inaccurate times.
  • Supply counts are checked every 10 seconds.